 Dungeon Crawl Stone Soup version 0.21.1-1-g345015f (webtiles) character file.

1705 troglodite the Covered (level 8, -28/64 HPs)
             Began as a Demonspawn Berserker on Mar 7, 2018.
             Was a Priest of Trog.
             Killed from afar by a lich (37 damage)
             ... with a bolt of lightning
             ... on level 2 of the Abyss.
             The game lasted 00:15:09 (5721 turns).

troglodite the Covered (Demonspawn Berserker)       Turns: 5721, Time: 00:15:10

Health: -28/64     AC: 17    Str: 18    XL:     8   Next: 73%
Magic:  0/8        EV:  7    Int:  9    God:    Trog [***...]
Gold:   451        SH:  0    Dex: 18    Spells: 7/7 levels left

rFire    . . .     SeeInvis .   a - +0 falchion
rCold    + . .     Gourm    .   (no shield)
rNeg     . . .     Faith    .   t - +0 plate armour
rPois    .         Spirit   +   (helmet restricted)
rElec    .         Reflect  .   y - +0 cloak
rCorr    .         Harm     .   m - +2 pair of gloves of Olihio {Dex+4}
MR       .....                  (no boots)
Stlth    ..........             (no amulet)
HPRegen  0.00/turn              f - ring of flight
MPRegen  0.11/turn              (no ring)

@: non-regenerating, badly diseased
A: claws 1, hooves 2, horns 1, cold resistance 1, magic shield
a: Berserk, Trog's Hand, Burn Spellbooks, Renounce Religion, Evoke Flight


You were on level 2 of the Abyss.
You worshipped Trog.
Trog was most pleased with you.
You were near starving.

You visited 1 branch of the dungeon, and saw 6 of its levels.
You visited the Abyss 1 time.

You collected 451 gold pieces.

Inventory:

Hand Weapons
 a - a +0 falchion (weapon)
 k - a +2 hunting sling of flaming
Missiles
 v - 60 stones (quivered)
 x - 60 sling bullets
Armour
 m - the +2 pair of gloves of Olihio (worn) {Dex+4}
   (You found it on level 5 of the Dungeon)

   It affects your dexterity (+4).
 t - a +0 plate armour (worn)
 y - a +0 cloak (worn)
 A - a +2 scale mail of poison resistance
Jewellery
 f - a ring of flight (left hand)
Wands
 u - a wand of paralysis (13)
Scrolls
 d - a scroll of random uselessness {unknown}
 g - a scroll of fear {unknown}
 i - a scroll of noise {unknown}
 j - a scroll of identify
 n - 3 scrolls of remove curse
 o - 6 scrolls of teleportation
 B - a scroll of magic mapping {unknown}
 C - a scroll of enchant armour {unknown}
Potions
 b - 2 potions of flight {unknown}
 e - 2 potions of lignification
 h - 2 potions of brilliance
 l - a potion of might
 p - a potion of agility {unknown}
 q - 3 potions of berserk rage
 r - a potion of experience
 s - a potion of haste
 w - 2 potions of curing {unknown}
 z - a potion of invisibility {unknown}
Comestibles
 c - 17 rations


   Skills:
 * Level 5.8 Fighting
 + Level 5.8 Long Blades
 * Level 2.8 Slings
 * Level 5.8 Armour
 * Level 4.1 Dodging
 + Level 0.1 Stealth


You had 7 spell levels left.
You didn't know any spells.

Dungeon Overview and Level Annotations

Branches:
Dungeon (6/15)             Temple (0/1) D:4

Altars:
Fedhas
Nemelex Xobeh


Innate Abilities, Weirdness & Mutations

You have sharp fingernails.
You have hoof-like feet.
You have a pair of small horns on your head.
Your flesh is cold resistant. (rC+)
When hurt, damage is shared between your health and your magic reserves.


Message History

A bone dragon comes into view.
A bone dragon is nearby!
A bone dragon is nearby!
A bone dragon is nearby!
Found a scroll labeled ARPHAT CADUPETE.
You recover from your berserk rage.
A lich comes into view.
A smoke demon comes into view.
The smoke demon roars!
You hear a chilling moan.
Found an emerald potion.
A hellwing comes into view.
The lich shouts!
The hellwing gives a chilling moan.
You hear a chilling moan.
The hellwing moves out of view.
A hellwing comes into view.
You see here a scroll labeled ARPHAT CADUPETE.
C - a scroll labeled ARPHAT CADUPETE The lich points at you and mumbles some strange words.
The bolt of lightning hits you!
Ouch! That really hurt!
You die...

...#... ..#. ..
#.#....#.#..... ?
.##............ .#.
...L.#.. ....#.#..!
#...L..##...##...4
#.#.. ..........3..
.. #./.#.........#.
...##.......#.....
##.#......#@.......
#..##.##....#...#.
# ##..#....# ##
#.##.###...# ## ##.
###.# #. ##


You could see a lich, a hellwing and a smoke demon.

Vanquished Creatures
  Pikel (D:6)
  An ancient zyme (Abyss:1)
  2 orc warriors (D:6)
  A phantom (D:5)
  A centaur (D:5)
  The ghost of Vesto the Skirmisher, a weakling MiFi (D:3)
  2 hounds
  5 orc priests
  A jelly (D:6)
  2 orc wizards
  A centaur skeleton (D:4)
  2 iguanas
  2 worker ants
  A hound skeleton (D:5)
  A howler monkey zombie (D:5)
  5 adders
  A shadow imp (D:5)
  An ooze (D:5)
  A dart slug (D:2)
  4 leopard geckos
  20 orcs
  3 ball pythons
  9 bats
  5 giant cockroaches
  8 goblins
  10 hobgoblins
  10 jackals
  5 kobolds
  A quokka (D:4)
  5 frilled lizards
  A quokka zombie (D:5)
  7 rats
120 creatures vanquished.

Vanquished Creatures (others)
  A shadow imp (D:6)
1 creature vanquished.

Grand Total: 121 creatures vanquished

Notes
Turn   | Place    | Note
-------+----------+-------------------------------------------
     0 | D:1      | troglodite the Demonspawn Berserker began the quest for the Orb.
     0 | D:1      | Reached XP level 1. HP: 18/18 MP: 1/1
   256 | D:1      | Gained mutation: You have large cloven feet. [demonic ancestry]
   256 | D:1      | Reached XP level 2. HP: 24/24 MP: 2/2
   952 | D:2      | Gained mutation: When hurt, damage is shared between your health and your magic reserves. [demonic ancestry]
   952 | D:2      | Reached XP level 3. HP: 22/29 MP: 1/3
  1595 | D:2      | Reached ** piety under Trog
  1827 | D:2      | Found a blossoming altar of Fedhas.
  1828 | D:2      | Gained mutation: Your flesh is cold resistant. (rC+) [demonic ancestry]
  1828 | D:2      | Reached XP level 4. HP: 37/37 MP: 4/4
  2298 | D:3      | Gained mutation: You have a pair of small horns on your head. [demonic ancestry]
  2298 | D:3      | Reached XP level 5. HP: 42/42 MP: 3/5
  2635 | D:3      | Noticed Vesto's ghost (weakling MiFi)
  2644 | D:3      | Killed Vesto's ghost
  2905 | D:4      | Found a sparkling altar of Nemelex Xobeh.
  2946 | D:4      | Reached skill level 1 in Slings
  3116 | D:4      | Found a staircase to the Ecumenical Temple.
  3156 | D:4      | Gained mutation: You have hoof-like feet. [demonic ancestry]
  3156 | D:4      | Reached XP level 6. HP: 47/48 MP: 6/6
  3590 | D:5      | Entered Level 5 of the Dungeon
  3842 | D:5      | Reached *** piety under Trog
  4035 | D:5      | Got a pair of dazzling gloves
  4041 | D:5      | Identified the +2 pair of gloves of Olihio {Dex+4} (You found it on level 5 of the Dungeon)
  4182 | D:5      | Gained mutation: You have sharp fingernails. [demonic ancestry]
  4182 | D:5      | Reached XP level 7. HP: 38/55 MP: 4/7
  4867 | D:6      | Noticed Pikel
  4871 | D:6      | Killed Pikel
  4871 | D:6      | Reached skill level 5 in Fighting
  4871 | D:6      | Reached skill level 5 in Long Blades
  4871 | D:6      | Reached skill level 5 in Armour
  4871 | D:6      | Reached XP level 8. HP: 62/62 MP: 8/8
  5626 | D:6      | Cast into level 1 of the Abyss (orc)
  5653 | Abyss:1  | Noticed an ancient zyme
  5670 | Abyss:1  | Killed an ancient zyme
  5680 | Abyss:1  | Noticed an ancient zyme
  5710 | Abyss:2  | Noticed a bone dragon
  5717 | Abyss:2  | Noticed a lich
  5719 | Abyss:2  | Noticed a smoke demon
  5720 | Abyss:2  | Noticed a hellwing
  5721 | Abyss:2  | Noticed a hellwing
  5721 | Abyss:2  | Killed from afar by a lich

Skill      XL: |  1  2  3  4  5  6  7  8 |
---------------+-------------------------+-----
Armour         | 2 3 4 5 |  5.8
Dodging        | 2 3 4 |  4.1
Long Blades    | 3 4 5 |  5.8
Fighting       | 4 5 |  5.8
Slings         | 1 2 |  2.8
Stealth        | |  0.1

Action                   |  1- 3 |  4- 6 |  7- 9 || total
-------------------------+-------+-------+-------++-------
Melee: Falchion          |    91 |   170 |    93 ||   354
       Kick              |    30 |    54 |    38 ||   122
       Headbutt          |       |    31 |    19 ||    50
Invok: Berserk           |       |     3 |     5 ||     8
       Burn Spellbooks   |       |     1 |     1 ||     2
  Use: Scroll            |       |     9 |       ||     9
  Eat: Chunk             |     3 |    10 |     9 ||    22
Armor: Ring mail         |    53 |    28 |       ||    81
       Plate armour      |       |    57 |    71 ||   128
Dodge: Dodged            |    66 |    94 |    35 ||   195
       Rpst.: Falchion   |    26 |    36 |    10 ||    72
